 Dungeon Crawl Stone Soup version 0.30-a0-159-g068b764562 (webtiles) character file.

Game seed: 15283209578964850313

260774 Newt the Unseen (level 19, -13/196 HPs)
             Began as a Demonspawn Gladiator on Sept 17, 2022.
             Was the Champion of Wu Jian.
             Killed by vampiric draining
             ... invoked by a deep elf death mage
              (28 damage)
             ... on level 3 of the Elven Halls on Sept 27, 2022.
             The game lasted 01:31:42 (48874 turns).

Newt the Unseen (Demonspawn Gladiator)             Turns: 48874, Time: 01:31:43

Health: -13/196    AC: 34    Str: 14    XL:     19   Next: 18%
Magic:  0/37       EV: 13    Int: 15    God:    Wu Jian [******]
Gold:   1582       SH: 26    Dex: 33    Spells: 45/47 levels left

rFire   . . .      SeeInvis +    r - +5 quick blade (elec)
rCold   x . .      Faith    .    x - +5 kite shield {AC+3}
rNeg    . . .      Spirit   +    U - +1 chain mail {Will+}
rPois   .          Reflect  .    y - +5 helmet of Dyspraxia {rF- Str+2 Dex+4}
rElec   .          Harm     .    u - -2 cloak of Anarchy {-Tele Slay+5}
rCorr   .          Rampage  .    (gloves unavailable)
Will    ++...      NoTele   +    s - +2 pair of boots
Stlth   +++++++...               D - amulet of guardian spirit
HPRegen 0.42/turn                v - ring of Yssuir {Dex+6 SInv Stlth+}
MPRegen 0.25/turn                G - ring "Uduhaesm" {Fire Str-4 Int+5 Stlth+}

@: studying 2 skills
A: claws 3, rugged brown scales 2, foul stench 2, icemail 2, robust 2,
condensation shield, agile 1
}: 2/15 runes: serpentine, barnacled
a: Renounce Religion, Wall Jump, Serpent's Lash, Heavenly Storm


You were on level 3 of the Elven Halls.
You worshipped Wu Jian.
Wu Jian was exalted by your worship.
You visited 6 branches of the dungeon, and saw 28 of its levels.
You also visited: Sewer and Ice Cave.

You collected 3004 gold pieces.
You spent 1422 gold pieces at shops.

Inventory:

Hand Weapons
 a - a +9 vorpal quick blade
 b - the +11 dagger of the Chickpea {antimagic, rC+ rN+ Str+2 Int-5}
   (You found it in a sewer)

   It reduces the magical energy of the wielder, and disrupts the spells and
   magical abilities of those it strikes.
   Natural abilities and divine invocations are not affected.
   Str:       It affects your strength (+2).
   Int:       It affects your intelligence (-5).
   rC:        It protects you from cold.
   rN:        It protects you from negative energy.
 r - a +5 quick blade of electrocution (weapon)
 C - the +7 long sword "Coogub" {vorpal, MP+9 Stlth+}
   (You found it in an ice cave)

   It inflicts extra damage upon your enemies.
   MP:        It affects your magic capacity (+9).
   Stlth:     It makes you more stealthy.
Missiles
 d - 3 throwing nets (quivered)
Armour
 s - a +2 pair of boots (worn)
 u - the -2 cloak of Anarchy (worn) {-Tele Slay+5}
   (You bought it in a shop on level 2 of the Shoals)

   Slay:      It affects your accuracy & damage with ranged weapons and melee
   (+5).
   -Tele:     It prevents most forms of teleportation.
 w - a +0 kite shield of reflection
 x - a +5 kite shield of protection (worn)
 y - the +5 helmet of Dyspraxia (worn) {rF- Str+2 Dex+4}
   (You found it in a sewer)

   Str:       It affects your strength (+2).
   Dex:       It affects your dexterity (+4).
   rF:        It makes you vulnerable to fire.
 U - a +1 chain mail of willpower (worn)
Jewellery
 f - a ring of poison resistance
 h - the amulet of Starshine {RegenMP Str+2 Int+3}
   (You took it off a nagaraja on level 2 of the Snake Pit)

   [amulet of magic regeneration]

   It increases your rate of magic regeneration.
   Str:       It affects your strength (+2).
   Int:       It affects your intelligence (+3).
 j - a ring of protection from fire
 t - the ring of Rappucw {Will+ Dex+5}
   (You acquired it on level 1 of the Elven Halls)

   [ring of willpower]

   Dex:       It affects your dexterity (+5).
   Will:      It increases your willpower.
 v - the ring of Yssuir (left claw) {Dex+6 SInv Stlth+}
   (You found it on level 6 of the Dungeon)

   [ring of dexterity]

   Dex:       It affects your dexterity (+6).
   SInv:      It lets you see invisible.
   Stlth:     It makes you more stealthy.
 B - a ring of wizardry
 D - an amulet of guardian spirit (around neck)
 G - the ring "Uduhaesm" (right claw) {Fire Str-4 Int+5 Stlth+}
   (You found it on level 5 of the Lair of Beasts)

   [ring of fire]

   It enhances your fire magic.
   Str:       It affects your strength (-4).
   Int:       It affects your intelligence (+5).
   rF:        It protects you from fire.
   rC:        It makes you vulnerable to cold.
   Stlth:     It makes you more stealthy.
 Q - a +4 ring of slaying
Wands
 c - a wand of polymorph (17)
 l - a wand of roots (24)
 E - a wand of digging (10)
 F - a wand of quicksilver (15)
 K - a wand of flame (97)
 R - a wand of charming (18)
Scrolls
 g - 3 scrolls of fog
 p - a scroll of silence
 H - 6 scrolls of poison
 I - 4 scrolls of amnesia
 J - 2 scrolls of magic mapping
 M - 2 scrolls of fear
 N - 9 scrolls of teleportation
 S - a scroll of summoning
 W - 10 scrolls of identify
 Z - 2 scrolls of blinking
Potions
 e - 2 potions of cancellation
 m - 2 potions of berserk rage
 n - 11 potions of curing
 o - 3 potions of invisibility
 q - 2 potions of flight
 z - 3 potions of magic
 A - 10 potions of brilliance
 O - a potion of ambrosia
 Y - 6 potions of might
Miscellaneous
 k - a tin of tremorstones (2/2)
 P - a piece from Xom's chessboard (15/15)
 X - a phantom mirror


   Skills:
 - Level 16.0 Fighting
 - Level 10.1 Short Blades
 - Level 0.6(6.3) Long Blades
 - Level 4.0 Maces & Flails
 - Level 1.7 Throwing
 - Level 10.0 Armour
 - Level 10.0 Dodging
 - Level 17.5 Stealth
 + Level 13.7 Shields
 - Level 14.5 Spellcasting
 - Level 8.0 Transmutations
 - Level 6.1 Ice Magic
 - Level 10.0 Evocations


You had 45 spell levels left.
You knew the following spells:

 Your Spells              Type           Power      Damage    Failure   Level
a - Wereblood             Tmut           34%        N/A       10%         2

Your spell library contained the following spells:

 Spells                   Type           Power      Damage    Failure   Level
 Beastly Appendage        Tmut           68%        N/A       6%          1
 Sting                    Tmut/Pois      88%        1d7       32%         1
 Passwall                 Tmut/Erth      18%        N/A       43%         2
 Ensorcelled Hibernation  Hex/Ice        40%        N/A       56%         2
 Spider Form              Tmut/Pois      22%        N/A       67%         3
 Apportation              Tloc           20%        N/A       86%         1
 Shock                    Conj/Air       40%        1d5       86%         1
 Ignite Poison            Fire/Tmut/Pois 28%        N/A       86%         3
 Blink                    Tloc           20%        N/A       94%         2
 Cigotuvi's Dreadful Rot  Necr/Pois/Air  20%        N/A       94%         2
 Poisonous Vapours        Pois/Air       20%        N/A       94%         2
 Static Discharge         Conj/Air       20%        2-3/arc   94%         2
 Confusing Touch          Hex            10%        N/A       99%         3
 Kindle Blastsparks       Fire/Tloc/Air  32%        2d12      99%         3
 Mephitic Cloud           Conj/Pois/Air  10%        N/A       99%         3
 Stone Arrow              Conj/Erth      20%        3d8       99%         3
 Swiftness                Air            10%        N/A       99%         3
 Airstrike                Air            5%         2d(1-17)  100%        4
 Animate Armour           Summ/Erth      20%        N/A       100%        4
 Dispel Undead            Necr           10%        3d9       100%        4
 Manifold Assault         Tloc           10%        N/A       100%        4
 Olgreb's Toxic Radiance  Pois           10%        N/A       100%        4
 Alistair's Intoxication  Tmut/Pois      14%        N/A       100%        5
 Fireball                 Conj/Fire      8%         3d6       100%        5
 Freezing Cloud           Conj/Ice/Air   8%         6-21      100%        5
 Iskenderun's Battlesphe  Conj           10%        2d6       100%        5
 Summon Forest            Summ/Tloc      5%         N/A       100%        5
 Yara's Violent Unravell  Hex/Tmut       11%        3d6       100%        5
 Conjure Ball Lightning   Conj/Air       5%         3x3d6     100%        6
 Death Channel            Necr           5%         N/A       100%        6
 Eringya's Noxious Bog    Tmut/Pois      11%        N/A       100%        6
 Enfeeble                 Hex            5%         N/A       100%        7
 Orb of Destruction       Conj           5%         9d5       100%        7
 Storm Form               Tmut/Air       11%        N/A       100%        7
 Summon Hydra             Summ           5%         N/A       100%        7
 Lehudib's Crystal Spear  Conj/Erth      5%         10d3      100%        8


Dungeon Overview and Level Annotations

Branches:
Dungeon (10/15)            Temple (0/1) D:7            Lair (5/5) D:9
 Shoals (4/4) Lair:2        Snake (4/4) Lair:3        Slime (0/5) Lair:5
    Orc (2/2) D:10            Elf (3/3) Orc:2         Sewer (visited)
  IceCv (visited)

Altars:
Nemelex Xobeh
Qazlal
Sif Muna
Wu Jian
Jiyva

Shops:
D:3 [   Orc:2 (=*([   Elf:2 (   Shoals:1 *[(*   Shoals:2 [   Snake:1 ?
Snake:2 *:   Snake:3 =[   Snake:4 !

Annotations:
D:4 1 runed translucent door, Trogtastic's ghost, amateur MiBe
Lair:3 exclusion: oklob plant
Lair:5 1 runed translucent door


Innate Abilities, Weirdness & Mutations

You have claws for hands.
You are mostly covered in rugged brown scales. (AC +2, +5% HP)
You sometimes emit foul miasma when damaged in melee.
A meltable icy envelope protects you from harm. (AC +8)
You are very robust. (+20% HP)
A meltable shield of frost defends you. (SH +4)
You are agile. (Dex +4, Str/Int -1)


Message History

You hit the deep elf death mage.
Lightning courses through the deep elf death mage!!
The deep elf death mage is moderately wounded.
You block the deep elf death mage's attack.
You puncture the deep elf death mage!
The deep elf death mage is heavily wounded.
You spin and attack the deep elf death mage repeatedly.
You puncture the deep elf death mage!
The deep elf death mage is heavily wounded.
You puncture the deep elf death mage!
Lightning courses through the deep elf death mage!
The deep elf death mage is almost dead.
You hit the deep elf death mage.
The deep elf death mage is almost dead.
The deep elf death mage draws life force from you!!
* * * LOW HITPOINT WARNING * * *
The deep elf death mage is healed by the life force!
Things that are here:
a +0 rapier; a +0 rapier; a +0 leather armour You hit the deep elf death mage but do no damage.
The deep elf death mage is severely wounded.
You block the deep elf death mage's attack.
Unknown command.
You barely miss the deep elf death mage.
The deep elf death mage is severely wounded.
Unknown command.
You closely miss the deep elf death mage.
The deep elf death mage is severely wounded.
Unknown command.
You hit the deep elf death mage.
The deep elf death mage is severely wounded.
The deep elf death mage hits you but does no damage.
Unknown command.
You puncture the deep elf death mage!
The deep elf death mage is almost dead.
Unknown command.
You barely miss the deep elf death mage.
The deep elf death mage is almost dead.
The deep elf death mage draws life force from you!!
You die...

..E2.. #..#≈~....##'..... e..#
#..#≈≈....##...... e..#
###+#..#≈~...##....... ...##
#...#..#≈~...#........ ....#
#...#..'.....#........ #.....#
#...#..'.....'........ ##....
#...#..#≈~...#........ #..
#...#..#≈~...#.##+#... #
#..)#@e#≈~...###..###.
#...#))#≈≈...).')8..##
#...'..#≈~....##.....#
############...#..#≈~....####....
*.e...........###'#≈~~)..#.####..
..#*.........##...##≈~....#####..
..#.........##.....##≈~...##..#..
####'########.......#≈~..#'#).#.8
............'.......#≈~..##...#..


You could see a deep elf death mage.

Vanquished Creatures
  Jorgrun (Elf:2)
  2 deep elf blademasters (Elf:3)
  A quicksilver dragon (Snake:4)
  3 sphinxes (Shoals:4)
  Donald (Elf:3)
  3 nagarajas
  An orc warlord (Orc:1)
  3 deep elf annihilators
  The ghost of Buttons840 the Nimble, a journeyman MfGl of Uskayaw (Lair:5)
  A deep elf demonologist (Elf:3)
  A minotaur (Shoals:4)
  4 merfolk impalers
  A merfolk javelineer (Shoals:1)
  Fannar (Orc:1)
  Erolcha (Orc:1)
  An ice dragon (Lair:5)
  5 hydras
  3 salamander tyrants (Snake:4)
  Harold (Lair:1)
  A boulder beetle (D:7)
  4 merfolk avatars
  16 anacondas
  2 catoblepae (Lair:5)
  A two-headed ogre (Orc:2)
  31 dancing weapons
  An anaconda (shapeshifter) (Elf:1)
  An alligator snapping turtle (Shoals:2)
  9 satyrs
  2 merfolk aquamancers
  10 naga warriors
  2 orc high priests
  21 death yaks
  17 naga sharpshooters
  10 shock serpents
  16 deep elf knights
  3 salamander mystics
  Amaemon (Lair:1)
  14 sea snakes
  15 deep elf archers
  2 bog bodies (IceCv)
  10 naga ritualists
  3 lindwurms (Lair:5)
  3 orc knights (Orc:2)
  22 deep elf pyromancers
  17 harpies
  26 mana vipers
  A cyclops (Lair:2)
  21 deep elf zephyrmancers
  22 fauns
  15 salamanders
  2 orc sorcerers (Orc:2)
  15 manticores
  15 naga magi
  11 elephants
  A gargoyle (D:10)
  10 merfolk sirens
  60 black mambas
  4 guardian serpents (Snake:4)
  9 water nymphs
  An ice statue (IceCv)
  An orange demon (Lair:1)
  15 cane toads
  5 komodo dragons
  7 rime drakes
  An anaconda simulacrum (IceCv)
  20 merfolk
  A polar bear (Lair:5)
  A hornet (D:7)
  4 wind drakes
  4 trolls
  19 dream sheep
  16 blink frogs
  6 snapping turtles
  3 air elementals
  7 wyverns
  A dire elephant simulacrum (IceCv)
  2 fire elementals
  9 water elementals
  52 yaks
  A steam dragon (D:8)
  6 basilisks
  A catoblepas simulacrum (Lair:5)
  3 death yak simulacra
  2 wargs (Orc:2)
  A harpy simulacrum (IceCv)
  42 nagas
  An acid dragon (D:10)
  20 water moccasins
  4 hydra simulacra
  2 black bears
  27 orc warriors
  3 ice beasts
  A sky beast (D:6)
  3 wolves (Lair:1)
  2 black mamba simulacra (Lair:5)
  3 ogres
  A phantom (D:6)
  5 centaurs
  Blork the orc (Orc:2)
  A gnoll sergeant (D:7)
  9 bullfrogs
  A necrophage (D:5)
  4 scorpions
  An earth elemental (Elf:1)
  4 two-headed ogre simulacra (IceCv)
  3 cane toad simulacra (IceCv)
  An electric eel (D:6)
  4 howler monkeys
  A vampire bat (Lair:2)
  A lava snake (Lair:3)
  3 jellies
  2 komodo dragon simulacra (Lair:5)
  2 hounds (D:7)
  2 gnoll boudas
  19 orc priests
  2 iguanas (D:7)
  27 orc wizards
  5 spriggan simulacra (IceCv)
  2 polar bear simulacra (IceCv)
  5 troll simulacra (IceCv)
  11 gnolls
  9 adders
  8 naga simulacra (IceCv)
  5 river rats (Sewer)
  A shadow imp (D:8)
  15 white imps
  6 ufetubi (IceCv)
  A worm (D:2)
  59 orcs
  6 endoplasms
  2 goblins
  4 hobgoblins
  27 kobolds
  2 quokkas (D:2)
  9 ball pythons
  12 bats
  A frilled lizard (D:3)
  33 rats
  A fire vortex (Lair:3)
1096 creatures vanquished.

Vanquished Creatures (collateral kills)
  A white imp (Lair:1)
  An orc (D:9)
2 creatures vanquished.

Vanquished Creatures (others)
  An anaconda (Snake:4)
  A deep elf knight (Elf:3)
  A deep elf pyromancer (Elf:1)
  2 black mambas
  An orc wizard (Orc:2)
  A white imp (Lair:1)
  30 fungi
  75 plants
112 creatures vanquished.

Grand Total: 1210 creatures vanquished

Notes
Turn   | Place    | Note
-------+----------+-------------------------------------------
     0 | D:1      | Newt the Demonspawn Gladiator began the quest for the Orb.
     0 | D:1      | Reached XP level 1. HP: 16/16 MP: 1/1
   198 | D:1      | Reached skill level 1 in Stealth
   633 | D:1      | Gained mutation: You are partially covered in rugged brown
                  | scales. (AC +1, +3% HP) [demonic ancestry]
   633 | D:1      | Reached XP level 2. HP: 15/22 MP: 2/2
   840 | D:1      | Reached skill level 2 in Stealth
  1405 | D:2      | Found a sparkling altar of Nemelex Xobeh.
  1706 | D:2      | Noticed a scorpion
  1718 | D:2      | Killed a scorpion
  1719 | D:2      | Gained mutation: You may rarely emit foul miasma when
                  | damaged in melee. [demonic ancestry]
  1719 | D:2      | Reached XP level 3. HP: 13/30 MP: 3/3
  1719 | D:2      | Gained mutation: A meltable shield of frost defends you.
                  | (SH +4) [demonic ancestry]
  1719 | D:2      | Reached XP level 4. HP: 17/38 MP: 4/4
  3173 | D:2      | Reached skill level 1 in Maces & Flails
  3459 | D:3      | Reached XP level 5. HP: 43/43 MP: 5/5
  3534 | D:3      | Found Innej's Antique Armour Emporium.
  3550 | D:3      | Found a faded altar of an unknown god.
  4083 | D:4      | Found a runed translucent door.
  4087 | D:4      | Noticed Trogtastic's ghost (amateur MiBe)
  4218 | D:4      | Noticed a water moccasin
  4239 | D:4      | Gained mutation: Armour fits poorly on your strangely
                  | shaped body. [potion of mutation]
  4239 | D:4      | Gained mutation: You have large cloven feet. [potion of
                  | mutation]
  4244 | D:4      | Killed a water moccasin
  4245 | D:4      | Reached skill level 1 in Armour
  4245 | D:4      | Gained mutation: You have sharp fingernails. [demonic
                  | ancestry]
  4245 | D:4      | Reached XP level 6. HP: 7/49 MP: 6/6
  4737 | D:4      | You fall into a shaft and drop 2 floors!
  4749 | D:6      | Noticed a sky beast
  4795 | D:6      | Identified the ring of Yssuir {Dex+6 SInv Stlth+}
  4815 | D:5      | Entered Level 5 of the Dungeon
  4988 | D:5      | Gained mutation: You sometimes emit foul miasma when
                  | damaged in melee. [demonic ancestry]
  4988 | D:5      | Reached XP level 7. HP: 51/55 MP: 7/7
  5016 | D:5      | Found a glowing drain.
  5030 | Sewer    | Entered a sewer
  5230 | Sewer    | Identified the +11 dagger of the Chickpea {antimagic, rC+
                  | rN+ Str+2 Int-5}
  5317 | Sewer    | Identified the +5 helmet of Dyspraxia {rF- Str+2 Dex+4}
  5579 | D:5      | Noticed a yak
  5585 | D:5      | Killed a yak
  5703 | D:5      | Reached skill level 5 in Short Blades
  5703 | D:5      | Reached XP level 8. HP: 54/61 MP: 2/8
  6054 | D:6      | Found a stormy altar of Qazlal.
  6416 | D:6      | Found an ornate altar of the Wu Jian Council.
  6759 | D:6      | Noticed a spectral centipede
  6759 | D:6      | Noticed a spectral black mamba
  6760 | D:6      | Became a worshipper of the Wu Jian Council
  6846 | D:7      | Noticed a komodo dragon
  6860 | D:7      | Killed a komodo dragon
  6861 | D:7      | Gained mutation: You have very sharp fingernails. [demonic
                  | ancestry]
  6861 | D:7      | Reached XP level 9. HP: 22/66 MP: 3/9
  6866 | D:7      | Lost mutation: Armour fits poorly on your strangely shaped
                  | body. [potion of mutation]
  6866 | D:7      | Lost mutation: You have large cloven feet. [potion of
                  | mutation]
  6866 | D:7      | Gained mutation: You are agile. (Dex +4, Str/Int -1)
                  | [potion of mutation]
  7306 | D:7      | Reached skill level 5 in Dodging
  7445 | D:7      | Noticed a boulder beetle
  7483 | D:7      | Killed a boulder beetle
  7600 | D:7      | Identified a scroll of acquirement
  7602 | D:7      | Acquired a +6 quick blade of freezing
  7722 | D:7      | Reached skill level 10 in Short Blades
  7873 | D:7      | Found a staircase to the Ecumenical Temple.
  7888 | D:7      | Reached skill level 5 in Fighting
  8034 | D:7      | Reached * piety under Wu Jian
  8089 | D:7      | Gained mutation: You are mostly covered in rugged brown
                  | scales. (AC +2, +5% HP) [demonic ancestry]
  8089 | D:7      | Reached XP level 10. HP: 70/79 MP: 3/10
  9556 | D:9      | Found a staircase to the Lair.
 10079 | D:10     | Entered Level 10 of the Dungeon
 10299 | D:9      | Reached ** piety under Wu Jian
 10501 | Lair:1   | Entered Level 1 of the Lair of Beasts
 10501 | Lair:1   | Noticed Amaemon
 10502 | Lair:1   | Noticed an orange demon
 10509 | Lair:1   | Killed an orange demon
 10522 | Lair:1   | Killed Amaemon
 10523 | Lair:1   | Reached skill level 5 in Shields
 10756 | Lair:1   | Noticed a cane toad
 10758 | Lair:1   | Found a frozen archway.
 10767 | Lair:1   | Killed a cane toad
 11046 | IceCv    | Entered an ice cave
 11376 | IceCv    | Reached *** piety under Wu Jian
 11902 | IceCv    | Reached XP level 11. HP: 77/90 MP: 3/11
 11999 | IceCv    | Reached skill level 10 in Shields
 12342 | IceCv    | Reached skill level 3 in Stealth
 12424 | IceCv    | Noticed a bog body
 12424 | IceCv    | Noticed a bog body
 12522 | IceCv    | Killed a bog body
 12523 | IceCv    | Reached skill level 4 in Stealth
 12826 | IceCv    | Killed a bog body
 12827 | IceCv    | Reached skill level 5 in Stealth
 12845 | IceCv    | Identified the +7 long sword "Coogub" {vorpal, MP+9 Stlth+}
 13183 | Lair:1   | Reached skill level 1 in Ice Magic
 13207 | Lair:1   | Reached **** piety under Wu Jian
 13283 | Lair:1   | Reached skill level 6 in Stealth
 13346 | Lair:1   | Reached skill level 5 in Ice Magic
 13719 | Lair:1   | Reached skill level 7 in Stealth
 13800 | Lair:1   | Noticed Harold
 13805 | Lair:1   | Killed Harold
 14192 | Lair:2   | Reached skill level 1 in Evocations
 14432 | Lair:2   | Reached skill level 8 in Stealth
 14602 | Lair:2   | Gained mutation: A meltable icy envelope protects you from
                  | harm. (AC +8) [demonic ancestry]
 14602 | Lair:2   | Reached XP level 12. HP: 96/96 MP: 4/12
 14806 | Lair:2   | Reached ***** piety under Wu Jian
 15031 | Lair:2   | Found a staircase to the Shoals.
 15118 | Lair:2   | Identified the +3 ring mail of the Nexus {rN+}
 15429 | Lair:3   | Reached skill level 9 in Stealth
 15430 | Lair:3   | Reached skill level 5 in Evocations
 15933 | Lair:3   | Found a staircase to the Snake Pit.
 15958 | Lair:3   | Reached skill level 5 in Armour
 16594 | Lair:4   | You fall into a shaft and drop 1 floor!
 16594 | Lair:5   | Entered Level 5 of the Lair of Beasts
 16594 | Lair:5   | Noticed a seven-headed hydra
 16604 | Lair:5   | Killed a seven-headed hydra
 16921 | Lair:5   | Found a runed translucent door.
 16921 | Lair:5   | Found a viscous altar of Jiyva.
 16945 | Lair:5   | Reached XP level 13. HP: 83/102 MP: 3/13
 18042 | Lair:4   | Reached skill level 10 in Dodging
 19000 | Lair:5   | Found a runed translucent gate.
 19000 | Lair:5   | Found a runed translucent gate.
 19000 | Lair:5   | Found a runed translucent gate.
 19043 | Lair:5   | Gained mutation: You have claws for hands. [demonic
                  | ancestry]
 19043 | Lair:5   | Reached XP level 14. HP: 110/110 MP: 4/14
 19125 | Lair:5   | Found a staircase to the Slime Pits.
 19432 | Lair:5   | Reached skill level 10 in Evocations
 19785 | Lair:5   | Reached ****** piety under Wu Jian
 20704 | Lair:5   | Reached skill level 10 in Fighting
 20862 | Lair:5   | Noticed Buttons840's ghost (journeyman MfGl)
 21353 | Lair:5   | Killed Buttons840's ghost
 21505 | Lair:5   | Got the ring "Uduhaesm" {Fire Str-4 Int+5 Stlth+}
 21655 | Snake:1  | Entered Level 1 of the Snake Pit
 22726 | Snake:1  | Found Raupaq's Magic Scroll Emporium.
 22757 | Snake:1  | Bought a scroll of blinking for 142 gold pieces
 22757 | Snake:1  | Bought a scroll of fear for 76 gold pieces
 22800 | Snake:1  | Acquired a manual of Spellcasting
 22864 | Lair:3   | Reached skill level 1 in Spellcasting
 23677 | Snake:1  | Reached skill level 5 in Spellcasting
 24772 | Snake:1  | Gained mutation: A meltable icy envelope protects you from
                  | harm. (AC +8) [demonic ancestry]
 24772 | Snake:1  | Reached XP level 15. HP: 126/126 MP: 27/27
 25044 | Snake:2  | Reached skill level 10 in Spellcasting
 25565 | Snake:2  | Found Ottil's Book Shoppe.
 25565 | Snake:2  | Found Joj Ilod's Assorted Antiques.
 25578 | Snake:2  | Reached skill level 10 in Stealth
 25583 | Snake:2  | Bought a grey potion for 36 gold pieces
 25601 | Snake:2  | Bought a glowing coral ring for 200 gold pieces
 26261 | Snake:2  | Noticed a nagaraja
 26577 | Snake:2  | Reached skill level 11 in Stealth
 27122 | Snake:2  | Identified the amulet of Starshine {RegenMP Str+2 Int+3}
 27147 | Snake:2  | Killed a nagaraja
 27309 | Snake:2  | Reached skill level 12 in Stealth
 27846 | Snake:3  | Found Plog's Jewellery Shop.
 27860 | Snake:3  | Found Gafalem's Antique Armour Boutique.
 28205 | Snake:3  | Reached skill level 13 in Stealth
 29647 | Snake:4  | Entered Level 4 of the Snake Pit
 29770 | Snake:4  | Reached skill level 14 in Stealth
 29770 | Snake:4  | Reached XP level 16. HP: 133/133 MP: 30/30
 30731 | Snake:4  | HP: 6/133 [poisoned by a naga sharpshooter (splash of
                  | poison)]
 31129 | Snake:4  | Found Woash's Distillery.
 31137 | Snake:4  | Bought a potion of might for 68 gold pieces
 31137 | Snake:4  | Bought a potion of heal wounds for 85 gold pieces
 31137 | Snake:4  | Bought a potion of might for 68 gold pieces
 31137 | Snake:4  | Bought a potion of berserk rage for 85 gold pieces
 31244 | Snake:4  | Reached skill level 15 in Stealth
 32484 | Snake:4  | Reached skill level 16 in Stealth
 32822 | Snake:4  | Acquired a manual of Fighting
 34609 | Snake:4  | Reached skill level 10 in Armour
 34833 | Snake:4  | Upgraded the game from 0.30-a0-123-g91d0c66ccf to
                  | 0.30-a0-134-gb40fab5c76
 35279 | Snake:4  | Noticed a quicksilver dragon
 35279 | Snake:4  | Noticed a quicksilver dragon
 35360 | Snake:4  | Killed a quicksilver dragon
 35699 | Snake:4  | Got a serpentine rune of Zot
 35873 | Shoals:1 | Entered Level 1 of the Shoals
 36378 | Lair:2   | Reached XP level 17. HP: 88/147 MP: 19/31
 36956 | Shoals:1 | Reached skill level 15 in Fighting
 37044 | Shoals:1 | Found Cewafar's Visitors' Centre.
 37049 | Shoals:1 | Found Cewafar's Merfolk Armours.
 37049 | Shoals:1 | Found Cewafar's Merfolk Weapons.
 37049 | Shoals:1 | Found Cewafar's Merfolk Magic.
 37947 | Shoals:2 | Learned a level 2 spell: Wereblood
 38367 | Shoals:2 | Found Pob Fun's Antique Armour Shop.
 38426 | Shoals:2 | Bought an ichor-stained cloak for 370 gold pieces
 38426 | Shoals:2 | Identified the -2 cloak of Anarchy {-Tele Slay+5} (You
                  | bought it in a shop on level 2 of the Shoals)
 38426 | Shoals:2 | Bought a glowing kite shield for 292 gold pieces
 39035 | Shoals:3 | Reached skill level 17 in Stealth
 39553 | Shoals:3 | Noticed a kraken
 39562 | Shoals:4 | Entered Level 4 of the Shoals
 39566 | Shoals:4 | Reached skill level 1 in Transmutations
 39819 | Shoals:4 | Identified the +0 robe of the Sun {+Blink rF+ Dex+3}
 39872 | Shoals:4 | Reached skill level 5 in Transmutations
 40209 | Shoals:4 | Paralysed by a sphinx for 2 turns
 40500 | Shoals:4 | Upgraded the game from 0.30-a0-134-gb40fab5c76 to
                  | 0.30-a0-159-g068b764562
 40552 | Shoals:4 | Got a barnacled rune of Zot
 40555 | Shoals:4 | Got Sif Muna's Monograph on the Combative Summer
 41212 | D:10     | Gained mutation: You are robust. (+10% HP) [demonic
                  | ancestry]
 41212 | D:10     | Reached XP level 18. HP: 151/173 MP: 32/32
 41305 | D:10     | Found a staircase to the Orcish Mines.
 41714 | D:10     | Found a shimmering blue altar of Sif Muna.
 41902 | Orc:1    | Entered Level 1 of the Orcish Mines
 41955 | Orc:1    | Noticed Fannar
 41958 | Orc:1    | Killed Fannar
 42117 | Orc:1    | Noticed Erolcha
 42121 | Orc:1    | Killed Erolcha
 42488 | Orc:2    | Entered Level 2 of the Orcish Mines
 42598 | Orc:2    | Found Duck's Antique Weapon Shop.
 43165 | Orc:2    | Noticed Blork the orc
 43179 | Orc:2    | Killed Blork the orc
 43249 | Orc:2    | Found Goemy's Antique Armour Emporium.
 43250 | Orc:2    | Found a staircase to the Elven Halls.
 43534 | Orc:2    | Found Naczef's Jewellery Emporium.
 43720 | Orc:2    | Found Atesmacu's General Store.
 43734 | Orc:2    | Found Qiri's Antique Weapon Emporium.
 43969 | Elf:1    | Entered Level 1 of the Elven Halls
 45985 | Elf:1    | Acquired the ring of Rappucw {Will+ Dex+5}
 46019 | Elf:1    | Paralysed by an air elemental for 1 turns
 46964 | Elf:2    | Found a runed translucent gate.
 46965 | Elf:2    | Found a runed translucent gate.
 46965 | Elf:2    | Found a runed translucent gate.
 47002 | Elf:2    | Found Vextuh's Weapon Emporium.
 47117 | Elf:2    | Noticed Jorgrun
 47292 | Elf:2    | Killed Jorgrun
 47727 | Elf:3    | Entered Level 3 of the Elven Halls
 47734 | Elf:3    | Paralysed by an air elemental for 1 turns
 47737 | Elf:3    | Paralysed by an air elemental for 1 turns
 47766 | Elf:3    | Gained mutation: You are very robust. (+20% HP) [demonic
                  | ancestry]
 47766 | Elf:3    | Reached XP level 19. HP: 96/196 MP: 23/37
 48463 | Elf:3    | Noticed Donald
 48472 | Elf:3    | Paralysed by an air elemental for 1 turns
 48477 | Elf:3    | Killed Donald
 48849 | Elf:3    | HP: 7/196 [deep elf annihilator/crystal spear (63)]
 48874 | Elf:3    | Killed from afar by a deep elf death mage

Illustrated notes

Levels and vault maps discovered:
D:1:      onia_arrival_pyramid, layout_basic, reono_crystal_passage
D:2:      layout_loops_ring, basic_altar, bh_walls_and_bars
D:3:      layout_basic, serial_shops, shop, ebering_ecumenical_altar_box,
          chequers_serial_rivers_small_3, minmay_fountain_box,
          nrook_loot_triangle
D:4:      kennysheep_six_static_rooms, layout_rooms,
          ebering_ghost_reflecting_pool, uniq_duvessa
D:5:      cheibrodos_helix_gallery, layout_cave_pools, portal_sewer_entry_d,
          chequers_serial_rivers_micro_d, minmay_misc_feat_tiny,
          minmay_manual_moon
D:6:      layout_loops_ring, pdpol_wu_jian_five_deadly_venoms,
          chequers_temple_overflow_statue_of_worship, water_boxes_lemuel
D:7:      layout_layer_cave, minmay_temple_entry_sparse_star,
          grunt_ministairs_4, minivault_22, minmay_misc_feat_five,
          minmay_tree_intersection, kennysheep_decorative_pillar,
          minmay_misc_feat_ornament, st_stairs_11, hangedman_minor_gate_pass
D:8:      layout_cave_pods
D:9:      layout_loops_cross, dpeg_oklobed_lair
D:10:     layout_roguey, mainiacjoe_overflow_alcove_2, orc_0_dummy,
          chequers_serial_rivers_micro_a, hellmonk_bongcloud_opening,
          minivault_11
Lair:1:   layout_layer_cave, portal_ice_cave_entry_imps, uniq_harold,
          uniq_amaemon
Lair:2:   nzn_winding_woodlands_small [nzn_winding_woodlands_5x15_lazy_stream,
          nzn_winding_woodlands_center_diamonds,
          nzn_winding_woodlands_5x15_concentric], layout_regular_city,
          minmay_shoals_entry_lonely_mermaid, roderic_batcave
Lair:3:   layout_roguey, minmay_snake_entry_six_corridors,
          amcnicky_mini_pool_medium
Lair:4:   layout_big_grid
Lair:5:   hangedman_lair_in_review, layout_hall_layers, slime_entry_2,
          gammafunk_ghost_icy, lemuel_fruit_fields
Shoals:1: nicolae_shoals_mermall, layout_shoals
Shoals:2: layout_shoals, serial_shops, shop
Shoals:3: layout_shoals
Shoals:4: shoals_end_hellmonk_lost_city
Snake:1:  layout_cave_shapes, serial_shops, nicolae_shop_crystal,
          lemuel_fruit_tree, nicolae_triple_integral
Snake:2:  layout_layer_cave, nicolae_snake_boneroom, grunt_megastairs_2,
          minmay_shoptagon, serial_bayou_shore_b
Snake:3:  layout_gridlike, serial_shops, nicolae_shop_stone,
          nicolae_take_the_stairs, nicolae_snake_mages_go_home
Snake:4:  hellmonk_snake_rune_quicksilver_temple, layout_cave_town,
          serial_shops, nicolae_shop_hallway_stairs, nicolae_snake_omega,
          grunt_megastairs_1
Orc:1:    nicolae_orc_accident_3, layout_diamond_mine, uniq_erolcha, uniq_fannar
Orc:2:    grunt_orc_cross, layout_diamond_mine, serial_shops, shop,
          nicolae_orc_rockfall, nicolae_orc_lava_room
Elf:1:    eino_elf_arrival_the_gate, layout_onion_city, evilmike_minifort,
          dreamdust_mushroom_princess, guppyfry_library_mini
Elf:2:    nicolae_elf_blades_crystal_corner, layout_gridlike, serial_shops,
          nicolae_shop_hallway_stairs, uniq_jorgrun
Elf:3:    elf_hall, layout_geoelf_castle, due_unseen_surprise,
          grunt_megastairs_4, uniq_donald

Skill      XL: |  1  2  3  4  5  6  7  8  9 10 11 12 13 14 15 16 17 18 19 |
---------------+----------------------------------------------------------+-----
Stealth        | 1 2 8 9 14 16 17 | 17.5
Fighting       | 3 4 6 8 12 14 16 | 16.0
Maces & Flails | 2 4 |  4.0
Armour         | 1 3 4 8 10 | 10.0
Short Blades   | 5 8 10 | 10.1
Dodging        | 4 5 6 10 | 10.0
Shields        | 9 10 12 13 | 13.7
Ice Magic      | 6 |  6.1
Evocations     | 3 6 9 10 | 10.0
Spellcasting   | 8 10 14 | 14.5
Transmutations | 7 8 |  8.0
Long Blades    | |  0.6
Throwing       | |  1.7

Action                   |  1- 3 |  4- 6 |  7- 9 | 10-12 | 13-15 | 16-18 | 19-21 || total
-------------------------+-------+-------+-------+-------+-------+-------+-------++-------
Melee: Rapier            |    64 |     5 |       |       |       |       |       ||    69
       Mace              |       |   191 |    65 |       |       |       |       ||   256
       Punch             |       |     3 |     4 |       |       |       |       ||     7
       Kick              |       |    13 |    64 |       |       |       |       ||    77
       Dagger            |       |       |   271 |   841 |  1139 |    43 |       ||  2294
       Long sword        |       |       |       |       |    63 |    51 |       ||   114
       Quick blade       |       |       |       |       |   784 |  2940 |   267 ||  3991
Throw: Throwing net      |     2 |     2 |     1 |       |       |     1 |       ||     6
 Cast: Wereblood         |       |       |       |       |       |     4 |       ||     4
Invok: Lunge             |       |       |    11 |    36 |    47 |   146 |     9 ||   249
       Whirlwind         |       |       |       |     1 |    47 |   211 |    71 ||   330
       Heavenly Storm    |       |       |       |       |       |     3 |       ||     3
       Serpent's Lash    |       |       |       |       |       |     1 |       ||     1
 Abil: Wall Jump         |       |       |       |       |       |     8 |       ||     8
Evoke: Phantom mirror    |       |       |       |       |       |     1 |       ||     1
       Wand              |       |       |       |       |       |     1 |       ||     1
  Use: Scroll            |     3 |     4 |     9 |     8 |    10 |    13 |     4 ||    51
       Potion            |       |     3 |     2 |     3 |     7 |     8 |     1 ||    24
 Stab: Sleeping          |     1 |     4 |    10 |    24 |    29 |    53 |     6 ||   127
       Held in net/web   |       |       |     1 |       |       |       |       ||     1
       Distracted        |       |       |       |    10 |     7 |    17 |       ||    34
       Petrifying        |       |       |       |       |     3 |       |       ||     3
       Petrified         |       |       |       |       |     1 |       |       ||     1
Armor: Leather armour    |    25 |    56 |       |       |   114 |   218 |       ||   413
       Ring mail         |       |    78 |   127 |   230 |   207 |       |       ||   642
       Chain mail        |       |       |       |       |       |   159 |    37 ||   196
Dodge: Dodged            |    29 |   177 |   158 |   265 |   659 |   738 |    32 ||  2058
Block: Other             |       |    50 |    50 |     5 |       |     1 |       ||   106
       Kite shield       |       |       |       |   459 |  1574 |  1614 |   133 ||  3780
       Orb               |       |       |       |    28 |       |       |       ||    28

Table legend: (Time is in decaauts)
 A = Elapsed time spent in this place.
 B = Non-inter-level travel time spent in this place.
 C = Inter-level travel time spent in this place.
 D = Time resting spent in this place.
 E = Time spent auto-exploring this place.
 F = Levels seen in this place.
 G = Mean time per level.
                   A        B        C        D        E       F      G
               +--------+--------+--------+--------+--------+-----+--------+
         Total |  46885 |  45664 |   1221 |  16227 |  21092 |  30 | 1562.8 |
       Dungeon |  10623 |  10051 |    572 |   2175 |   6541 |  10 | 1062.3 |
          Lair |  11401 |  11143 |    258 |   5063 |   4326 |   5 | 2280.2 |
        Shoals |   4219 |   4060 |    159 |    956 |   1769 |   4 | 1054.8 |
     Snake Pit |  11753 |  11587 |    166 |   5519 |   3901 |   4 | 2938.2 |
  Orcish Mines |   1938 |   1905 |     33 |    293 |   1229 |   2 |  969.0 |
   Elven Halls |   4680 |   4650 |     30 |   1727 |   2079 |   3 | 1560.0 |
         Sewer |    530 |    530 |      0 |      0 |    296 |   1 |  530.0 |
      Ice Cave |   1737 |   1737 |      0 |    493 |    949 |   1 | 1737.0 |
               +--------+--------+--------+--------+--------+-----+--------+

Top non-repeatable levels by time:
 Snake:4: 5178 daAuts
  Lair:5: 3319 daAuts
 Snake:2: 3212 daAuts
  Lair:3: 3161 daAuts
   Elf:1: 2631 daAuts
  Lair:2: 2121 daAuts
     D:2: 1940 daAuts
     D:7: 1884 daAuts
  Lair:1: 1785 daAuts
 Snake:3: 1779 daAuts
   IceCv: 1737 daAuts
 Snake:1: 1582 daAuts
Shoals:4: 1398 daAuts
   Elf:2: 1324 daAuts
     D:1: 1187 daAuts
